 Dungeon Crawl Stone Soup version 0.27-a0-1332-g84bddb5ca7 (webtiles) character file.

Game seed: 16897462613911731578

31077 Brandom the Fighter (level 13, -2/108 HPs)
             Began as a Demonspawn Delver on June 25, 2021.
             Was a Priest of Makhleb.
             Shot with an arrow by a centaur warrior (17 damage)
             ... on level 14 of the Dungeon.
             The game lasted 01:06:07 (18370 turns).

Brandom the Fighter (Demonspawn Delver)            Turns: 18370, Time: 01:06:07

Health: -2/108     AC: 20    Str: 24 (25) XL:     13   Next: 24%
Magic:  21/21      EV: 11    Int: 16 (18) God:    Makhleb [***...]
Gold:   1089       SH:  0    Dex: 19 (20) Spells: 12/12 levels left

rFire    + . .     SeeInvis .   j - +1 great sword "Lublien" {vorpal, Str+4 Stlth+}
rCold    + . .     Faith    .   (shield currently unavailable)
rNeg     + . .     Spirit   .   Q - +3 plate armour {rC+}
rPois    .         Reflect  .   i - +1 hat
rElec    .         Harm     .   G - +0 cloak
rCorr    .         Rampage  .   X - +0 pair of gloves {Str+3}
Will     +....                  (boots unavailable)
Stlth    ..........             R - amulet of regeneration
HPRegen  1.28/turn              B - ring "Ydizedan" {+Blink rF+ rN+ Dex+2}
MPRegen  0.17/turn              Y - ring "Giusuvuba" {Will+ Dex+4}

@: studying Dodging
A: talons 3, demonic guardian 2, big brain 3, deterioration 1, high mp 1
a: Renounce Religion, Evoke Blink, Minor Destruction, Lesser Servant of Makhleb


You were on level 14 of the Dungeon.
You worshipped Makhleb.
Makhleb was most pleased with you.
You visited 1 branch of the dungeon, and saw 14 of its levels.
You also visited: Ossuary and Gauntlet.

You collected 1226 gold pieces.
You spent 137 gold pieces at shops.

Inventory:

Hand Weapons
 j - the +1 great sword "Lublien" (weapon) {vorpal, Str+4 Stlth+}
   (You acquired it on level 4 of the Dungeon)

   It inflicts extra damage upon your enemies.
   It affects your strength (+4).
   It makes you more stealthy.
 M - a +0 scimitar of flaming
   (You took it off Maggie on level 8 of the Dungeon)
Missiles
 q - 79 poisoned darts (quivered)
 r - 21 javelins
 s - 7 boomerangs
 N - a throwing net {!f}
 P - 8 boomerangs of dispersal {!f}
 W - a curare-tipped dart {!f}
Armour
 i - a +1 hat (worn)
   (You found it on level 12 of the Dungeon)
 G - a +0 cloak (worn)
   (You took it off Maurice on level 8 of the Dungeon)
 Q - a +3 plate armour of cold resistance (worn)
   (You found it on level 8 of the Dungeon)
 X - a +0 pair of gloves of strength (worn)
   (You found it in a Gauntlet)
Jewellery
 a - a ring of resist corrosion
   (You found it on level 11 of the Dungeon)
 b - the ring of Muaruera {rPois Int+4}
   (You found it on level 12 of the Dungeon)

   [ring of poison resistance]

   It affects your intelligence (+4).
   It protects you from poison.
 B - the ring "Ydizedan" (left hand) {+Blink rF+ rN+ Dex+2}
   (You found it on level 12 of the Dungeon)

   [ring of protection from fire]

   It affects your dexterity (+2).
   It protects you from fire.
   It protects you from negative energy.
   It lets you blink.
 R - an amulet of regeneration (around neck)
   (You took it off a centaur warrior on level 8 of the Dungeon)
 Y - the ring "Giusuvuba" (right hand) {Will+ Dex+4}
   (You found it in a Gauntlet)

   [ring of willpower]

   It affects your dexterity (+4).
   It increases your willpower.
Wands
 d - a wand of iceblast (18)
   (You found it on level 3 of the Dungeon)
 t - a wand of flame (66)
   (You found it on level 3 of the Dungeon)
 u - a wand of paralysis (6)
   (You took it off an orc on level 6 of the Dungeon)
 v - a wand of digging (13)
 x - a wand of acid (7)
   (You found it on level 13 of the Dungeon)
 L - a wand of mindburst (7)
   (You took it off Maggie on level 8 of the Dungeon)
Scrolls
 c - 2 scrolls of fog
 e - 3 scrolls of enchant weapon
 g - 3 scrolls of fear
 h - 12 scrolls of teleportation {@r4}
 n - 6 scrolls of enchant armour
 o - 7 scrolls of amnesia
 w - 2 scrolls of summoning
 z - 2 scrolls of noise {!r}
 A - 8 scrolls of magic mapping
 I - a scroll of brand weapon
 J - a scroll of blinking
 U - a scroll of immolation {!r}
Potions
 f - 6 potions of haste {@q3}
 k - a potion of heal wounds {@q2}
 l - 4 potions of flight
 m - 5 potions of curing {@q1}
 C - 2 potions of berserk rage
 D - 4 potions of brilliance
 E - 4 potions of lignification {!q}
 K - a potion of ambrosia
Miscellaneous
 T - a phial of floods
   (You found it on level 8 of the Dungeon)
 V - a lightning rod (4/4) {!a}
   (You found it on level 9 of the Dungeon)


   Skills:
 * Level 12.0 Fighting
 * Level 11.0 Long Blades
 + Level 7.1 Throwing
 + Level 7.5 Armour
 + Level 8.7 Dodging
 - Level 4.5 Stealth
 + Level 9.2 Invocations


You had 12 spell levels left.
You didn't know any spells.
Your spell library contained the following spells:

 Spells                   Type           Power      Damage    Failure   Level
 Animate Skeleton         Necr           0%         N/A       77%         1
 Beastly Appendage        Tmut           0%         N/A       77%         1
 Corona                   Hex            0%         N/A       77%         1
 Foxfire                  Conj/Fire      0%         2x1d4     77%         1
 Pain                     Necr           0%         1d4       77%         1
 Shock                    Conj/Air       0%         1d3       77%         1
 Sting                    Tmut/Pois      0%         1d3       77%         1
 Ensorcelled Hibernation  Hex/Ice        0%         N/A       87%         2
 Poisonous Vapours        Pois/Air       0%         N/A       87%         2
 Static Discharge         Conj/Air       0%         N/A       87%         2
 Wereblood                Tmut           0%         N/A       87%         2
 Confusing Touch          Hex            0%         N/A       98%         3
 Conjure Flame            Conj/Fire      0%         6-21      98%         3
 Dazzling Flash           Conj/Hex       0%         N/A       98%         3
 Gell's Gravitas          Tloc           0%         N/A       98%         3
 Ignite Poison            Fire/Tmut/Pois 0%         N/A       98%         3
 Inner Flame              Hex/Fire       0%         N/A       98%         3
 Mephitic Cloud           Conj/Pois/Air  0%         N/A       98%         3
 Spider Form              Tmut/Pois      0%         N/A       98%         3
 Swiftness                Air            0%         N/A       98%         3
 Tukima's Dance           Hex            0%         N/A       98%         3
 Vampiric Draining        Necr           0%         2d6       98%         3
 Airstrike                Air            0%         N/A       100%        4
 Animate Dead             Necr           0%         N/A       100%        4
 Ice Form                 Ice/Tmut       0%         N/A       100%        4
 Olgreb's Toxic Radiance  Pois           0%         N/A       100%        4
 Petrify                  Tmut/Erth      0%         N/A       100%        4
 Sticky Flame             Conj/Fire      0%         2d3       100%        4
 Agony                    Necr           0%         N/A       100%        5
 Alistair's Intoxication  Tmut/Pois      0%         N/A       100%        5
 Fireball                 Conj/Fire      0%         3d3       100%        5
 Lightning Bolt           Conj/Air       0%         1d11      100%        5
 Metabolic Englaciation   Hex/Ice        0%         N/A       100%        5
 Yara's Violent Unravell  Hex/Tmut       0%         3d3       100%        5
 Statue Form              Tmut/Erth      0%         N/A       100%        6


Dungeon Overview and Level Annotations

Branches:
Dungeon (14/15)            Temple (0/1) D:6            Lair (0/6) D:10
    Orc (0/2) D:12        Ossuary (visited)         Gauntlet (visited)
 Vaults: D:13-14

Altars:
Ashenzari
Cheibriados
Dithmenos
Hepliaklqana
Kikubaaqudgha
Makhleb
Okawaru
Yredelemnul
Zin
Jiyva

Shops:
D:1 ?   D:7 *   D:12 *

Annotations:
D:14 3 runed translucent doors, Roxanne; Zuaresup's ghost, journeyman DrCj


Innate Abilities, Weirdness & Mutations

You have claws for feet.
A demonic guardian rushes to your aid.
You have an absolutely massive brain. (Int +6, Wiz)
Your body sometimes deteriorates upon taking damage.
You have an increased reservoir of magic. (+10% MP)


Message History

You hear a twanging sound.
An arrow appears from out of your range of vision.
The arrow hits your orange demon!
Your hellwing hits Roxanne but does no damage. x2
Your smoke demon hits Roxanne but does no damage. x3
You hear a twanging sound.
An arrow appears from out of your range of vision.
The arrow hits your orange demon!!
Your hellwing hits Roxanne.
Your hellwing hits Roxanne but does no damage.
Your smoke demon hits Roxanne but does no damage. x3
Your orange demon stings Roxanne but does no damage.
A centaur warrior comes into view. It is wielding a +0 shortbow.
The centaur warrior shoots an arrow.
The arrow hits your orange demon!
Your hellwing hits Roxanne but does no damage. x2
Your smoke demon hits Roxanne but does no damage.
Your smoke demon hits Roxanne. x2
Your orange demon stings Roxanne but does no damage.
A demon appears!
The centaur warrior shoots an arrow.
The arrow hits your smoke demon!!
Roxanne mumbles some strange words.
The crystal spear hits your hellwing!!!
Your hellwing dies!
Your smoke demon hits Roxanne but does no damage. x3
Your orange demon stings Roxanne but does no damage.
Your smoke demon gestures at Roxanne.
Roxanne is smitten.
Your orange demon stings Roxanne from afar.
Your smoke demon gestures at Roxanne.
Roxanne is smitten.
Your smoke demon gestures at Roxanne.
Roxanne is smitten.
The centaur warrior shoots an arrow.
The arrow hits your smoke demon!!
Your smoke demon dies!
Your orange demon stings Roxanne but does no damage.
A demon appears!
Roxanne mumbles some strange words.
The crystal spear hits your smoke demon!!!
Your smoke demon dies!
The centaur warrior shoots an arrow.
The arrow hits you!!
* * * LOW HITPOINT WARNING * * *
Your body deteriorates!
You feel dopey.
A demonic guardian appears!
Your orange demon stings Roxanne but does no damage.
You feel better.
The centaur warrior shoots an arrow.
The arrow closely misses you.
The centaur warrior shoots an arrow.
The arrow hits you.
* * * LOW HITPOINT WARNING * * *
Your orange demon stings Roxanne but does no damage.
You feel better.
The centaur warrior shoots an arrow.
The arrow hits you!
You die...

#.....# #.....# .
#.....#
..###.....#
..........##
.....34....# ..
#.........# #.#
#.....@.8.##≈.##
#.........#≈≈.≈#
#........4≈≈c.≈≈
...............≈#
....#.......##..##
... #...........#
#.# #...........#
.. #.#
#.....<.....# #.
#.#######.#..#...


You could see Roxanne (ally target), a centaur warrior, a friendly orange demon
(summoned), a friendly hellwing (summoned) and a friendly neqoxec (summoned).

Vanquished Creatures
  Frances (D:14)
  A hydra (D:14)
  3 boulder beetles
  3 centaur warriors
  A death knight (D:12)
  2 two-headed ogres
  Urug (D:11)
  Nergalle (D:10)
  A deep elf zephyrmancer (D:13)
  An orc knight (D:13)
  A deep elf pyromancer (D:7)
  2 ugly things
  2 manticores
  5 cyclopes
  An elephant (D:9)
  2 centaur zombies (D:10)
  A gargoyle (D:12)
  Maurice (D:8)
  An unseen horror (D:12)
  Psyche (D:8)
  2 minotaur zombies (Gauntlet)
  An ice devil (Gauntlet)
  A meliai (D:14)
  3 trolls
  A merfolk (D:13)
  Grinder (D:3)
  4 shadows (Gauntlet)
  A spriggan (D:13)
  4 wraiths
  10 yaks
  2 wyverns (D:8)
  A basilisk (D:12)
  A human (D:13)
  2 steam dragons (D:8)
  An acid dragon (D:13)
  2 water moccasins (D:8)
  A hornet zombie (D:8)
  7 orc warriors
  4 black bears
  2 ice beasts
  An ogre (D:12)
  8 centaurs
  2 lemures
  3 kobold brigands
  Blork the orc (D:5)
  4 bullfrogs
  2 wyvern zombies
  2 scorpions
  2 water moccasin zombies
  9 killer bees
  6 wights
  4 howler monkeys
  3 hounds
  2 small abominations (Gauntlet)
  A centaur skeleton (D:4)
  7 orc priests
  A bullfrog skeleton (D:6)
  A gnoll shaman (D:6)
  A jelly (D:4)
  2 iguanas (D:6)
  10 orc wizards
  A hound zombie (D:5)
  6 mummies (Ossuary)
  5 gnolls
  A howler monkey skeleton (D:7)
  9 adders
  3 white imps (Gauntlet)
  2 ufetubi
  An adder skeleton (D:4)
  3 worms
  3 dart slugs
  44 orcs
  11 endoplasms
  7 giant cockroaches
  9 goblins
  11 hobgoblins
  5 jackals
  4 quokkas
  6 ball pythons
  3 bats
  4 frilled lizards
  A hobgoblin zombie (Ossuary)
  17 kobolds
  5 kobold zombies (Ossuary)
  2 orc zombies (Ossuary)
  6 rats
324 creatures vanquished.

Vanquished Creatures (collateral kills)
  A minotaur (Gauntlet)
  A two-headed ogre (D:6)
  A death knight (D:12)
  3 centaur warriors
  A skeletal warrior (D:8)
  Pikel (D:4)
  A cyclops (D:8)
  A centaur zombie (D:10)
  Maggie (D:8)
  An unseen horror (D:11)
  2 meliai (D:14)
  A troll (D:8)
  3 large abominations (Gauntlet)
  A shadow (Gauntlet)
  A wraith (D:8)
  A yak (D:8)
  2 orc warriors
  An ogre (D:5)
  5 centaurs
  2 kobold brigands
  A killer bee (D:8)
  4 small abominations (Gauntlet)
  3 orc priests
  A jelly (D:6)
  2 mummies (Ossuary)
  3 orcs
  2 kobolds (D:6)
47 creatures vanquished.

Vanquished Creatures (others)
  28 demonic plants (Gauntlet)
  A plant (D:10)
  14 withered plants (Gauntlet)
43 creatures vanquished.

Grand Total: 414 creatures vanquished

Notes
Turn   | Place    | Note
-------+----------+-------------------------------------------
     0 | D:5      | Brandom the Demonspawn Delver began the quest for the Orb.
     0 | D:5      | Reached XP level 1. HP: 18/18 MP: 1/1
     4 | D:5      | Noticed a hound
    11 | D:5      | Killed a hound
    12 | D:5      | Gained mutation: A weak demonic guardian rushes to your
                  | aid. [demonic ancestry]
    12 | D:5      | Reached XP level 2. HP: 22/24 MP: 2/2
    12 | D:5      | Reached XP level 3. HP: 26/29 MP: 3/3
    52 | D:5      | Found a sand-covered staircase.
    63 | Ossuary  | Entered an ossuary
   163 | Ossuary  | Reached skill level 1 in Armour
   343 | Ossuary  | Gained mutation: A demonic guardian rushes to your aid.
                  | [demonic ancestry]
   343 | Ossuary  | Reached XP level 4. HP: 37/37 MP: 4/4
   521 | Ossuary  | Reached skill level 4 in Fighting
  1129 | D:5      | Noticed an ogre
  1151 | D:5      | Noticed Blork the orc
  1221 | D:5      | Found a shadowy altar of Dithmenos.
  1227 | D:5      | Noticed an orc warrior
  1252 | D:5      | Gained mutation: You have an unusually large brain. (Int
                  | +2) [demonic ancestry]
  1252 | D:5      | Reached XP level 5. HP: 2/42 MP: 5/5
  2365 | D:1      | Found Caosulydd's Magic Scroll Shop.
  2384 | D:1      | Bought a scroll of blinking for 82 gold pieces
  2384 | D:1      | Bought a scroll of identify for 22 gold pieces
  2384 | D:1      | Bought a scroll of teleportation for 33 gold pieces
  3526 | D:2      | Gained mutation: You have sharp toenails. [demonic
                  | ancestry]
  3526 | D:2      | Reached XP level 6. HP: 47/49 MP: 6/6
  4282 | D:3      | Found a burning altar of Makhleb.
  4312 | D:3      | Became a worshipper of Makhleb the Destroyer
  4401 | D:3      | Found a faded altar of an unknown god.
  4811 | D:3      | Noticed Grinder
  4821 | D:3      | Killed Grinder
  4822 | D:3      | Reached skill level 5 in Fighting
  4822 | D:3      | Reached skill level 1 in Throwing
  4822 | D:3      | Gained mutation: You have an extremely huge brain. (Int +4)
                  | [demonic ancestry]
  4822 | D:3      | Reached XP level 7. HP: 42/56 MP: 7/7
  4955 | D:4      | Gained mutation: You have an increased reservoir of magic.
                  | (+10% MP) [potion of mutation]
  4955 | D:4      | Gained mutation: Your body sometimes deteriorates upon
                  | taking damage. [potion of mutation]
  4961 | D:4      | Identified a scroll of acquirement
  4962 | D:4      | Acquired the +1 great sword "Lublien" {vorpal, Str+4
                  | Stlth+}
  5251 | D:4      | Reached * piety under Makhleb
  5863 | D:5      | Noticed Pikel
  5875 | D:4      | Killed Pikel
  5876 | D:4      | Reached skill level 6 in Fighting
  5876 | D:4      | Reached skill level 5 in Long Blades
  5876 | D:4      | Reached XP level 8. HP: 17/64 MP: 8/8
  6240 | D:5      | Killed Blork the orc
  7102 | D:6      | Found an ancient bone altar of Kikubaaqudgha.
  7173 | D:6      | Noticed a two-headed ogre
  7183 | D:6      | Killed a two-headed ogre
  7184 | D:6      | Reached skill level 7 in Fighting
  7184 | D:6      | Reached skill level 1 in Invocations
  7580 | D:6      | Reached XP level 9. HP: 72/72 MP: 11/11
  7591 | D:6      | Found a staircase to the Ecumenical Temple.
  7662 | D:6      | Found a broken altar of Ashenzari.
  7677 | D:6      | Found a basalt altar of Yredelemnul.
  7715 | D:6      | Identified the +6 dagger of Dofuirov {vamp, rN+ Int+3}
  8093 | D:6      | Reached ** piety under Makhleb
  8345 | D:7      | Noticed a cyclops
  8358 | D:7      | Killed a cyclops
  8362 | D:7      | Noticed a deep elf pyromancer
  8381 | D:7      | Killed a deep elf pyromancer
  8382 | D:7      | Reached skill level 8 in Fighting
  8382 | D:7      | Reached skill level 5 in Dodging
  9082 | D:7      | Found Grgheute's Goods Gallery.
  9459 | D:7      | Gained mutation: You have razor-sharp toenails. [demonic
                  | ancestry]
  9459 | D:7      | Reached XP level 10. HP: 78/78 MP: 14/14
  9577 | D:8      | Noticed Maggie
  9593 | D:8      | Killed Maggie
  9770 | D:8      | Found a large runed translucent door.
  9771 | D:8      | Found a large runed translucent door.
 10400 | D:8      | Reached skill level 5 in Armour
 10629 | D:8      | Found a hazy altar of Hepliaklqana.
 10728 | D:8      | Noticed Maurice
 10740 | D:8      | Killed Maurice
 10741 | D:8      | Reached skill level 5 in Invocations
 11018 | D:7      | Reached *** piety under Makhleb
 11044 | D:8      | Reached skill level 9 in Fighting
 11095 | D:8      | You fall into a shaft and drop 2 floors!
 11095 | D:10     | Entered Level 10 of the Dungeon
 11142 | D:10     | Noticed Nergalle
 11152 | D:10     | Killed Nergalle
 11217 | D:9      | Found an iron altar of Okawaru.
 11679 | D:8      | Reached skill level 5 in Throwing
 11882 | D:8      | Reached XP level 11. HP: 89/89 MP: 16/16
 11913 | D:8      | Reached **** piety under Makhleb
 12029 | D:8      | Noticed a red ugly thing
 12039 | D:8      | Killed a red ugly thing
 12647 | D:8      | Noticed a centaur warrior
 12652 | D:8      | Noticed a centaur warrior
 12653 | D:8      | Noticed a boulder beetle
 12658 | D:8      | Killed a centaur warrior
 12669 | D:8      | Killed a centaur warrior
 12670 | D:8      | Reached skill level 10 in Fighting
 13128 | D:8      | Noticed a skeletal warrior
 13139 | D:8      | Killed a skeletal warrior
 13270 | D:8      | Killed a boulder beetle
 13453 | D:8      | Identified Kilistiu's Compendium of the Shifting Snowflakes
 13710 | D:8      | Noticed Psyche
 13724 | D:8      | Killed Psyche
 13799 | D:8      | Found a snail-covered altar of Cheibriados.
 13940 | D:9      | Noticed a two-headed ogre
 13946 | D:9      | Killed a two-headed ogre
 14154 | D:10     | Found a staircase to the Lair.
 14392 | D:10     | Noticed a two-headed ogre
 14396 | D:10     | Killed a two-headed ogre
 14912 | D:11     | Found a gate leading to a gauntlet.
 14917 | Gauntlet | Entered a Gauntlet
 14917 | Gauntlet | Found a transporter.
 14917 | Gauntlet | Found a transporter.
 14917 | Gauntlet | Found a transporter.
 14921 | Gauntlet | Found a transporter.
 14921 | Gauntlet | Found a transporter.
 14922 | Gauntlet | Found a transporter.
 15024 | Gauntlet | Noticed a reaper
 15029 | Gauntlet | Found a transporter.
 15029 | Gauntlet | Found a transporter.
 15031 | Gauntlet | Noticed a sixfirhy
 15039 | Gauntlet | Found a transporter.
 15039 | Gauntlet | Noticed a sixfirhy
 15041 | Gauntlet | Noticed a sixfirhy
 15047 | Gauntlet | Noticed a sixfirhy
 15063 | Gauntlet | Found a transporter.
 15081 | Gauntlet | Found a transporter.
 15085 | Gauntlet | Found a transporter.
 15137 | Gauntlet | Gained mutation: You have an absolutely massive brain. (Int
                  | +6, Wiz) [demonic ancestry]
 15137 | Gauntlet | Reached XP level 12. HP: 99/99 MP: 19/19
 15227 | Gauntlet | Identified the ring "Giusuvuba" {Will+ Dex+4}
 15418 | Gauntlet | Identified the +0 pair of boots of Insatiable Hunger
                  | {Str+5}
 15466 | Gauntlet | Noticed a minotaur
 15478 | Gauntlet | Killed a minotaur
 15665 | D:11     | Identified the +0 scale mail of Old and Reckless {Int+3}
 15774 | D:11     | Reached skill level 11 in Fighting
 15843 | D:11     | Reached skill level 10 in Long Blades
 16109 | D:11     | Noticed Urug
 16119 | D:11     | Killed Urug
 16376 | D:12     | Found a staircase to the Orcish Mines.
 16438 | D:12     | Noticed a death knight
 16438 | D:12     | Noticed a death knight
 16460 | D:12     | Killed a death knight
 16517 | D:12     | Killed a death knight
 16533 | D:12     | Noticed a boulder beetle
 16561 | D:12     | Killed a boulder beetle
 16568 | D:12     | Identified the ring of Muaruera {rPois Int+4}
 16570 | D:12     | Found Shust's Superlative Supplies.
 17068 | D:12     | Identified the ring "Ydizedan" {+Blink rF+ rN+ Dex+2}
 17413 | D:13     | Noticed a centaur warrior
 17481 | D:13     | Killed a centaur warrior
 17705 | D:13     | Noticed a boulder beetle
 17719 | D:13     | Killed a boulder beetle
 17748 | D:13     | Noticed a centaur warrior
 17755 | D:13     | Killed a centaur warrior
 17756 | D:13     | Gained mutation: You have claws for feet. [demonic
                  | ancestry]
 17756 | D:13     | Reached XP level 13. HP: 40/107 MP: 21/21
 18064 | D:14     | Noticed Frances
 18084 | D:14     | Killed Frances
 18208 | D:14     | Found a runed translucent gate.
 18208 | D:14     | Found a runed translucent gate.
 18208 | D:14     | Found a runed translucent gate.
 18215 | D:14     | Noticed Zuaresup's ghost (journeyman DrCj)
 18215 | D:14     | Noticed a quicksilver ooze
 18215 | D:14     | Noticed a quicksilver ooze
 18217 | D:14     | Found a viscous altar of Jiyva.
 18254 | D:14     | Reached skill level 12 in Fighting
 18256 | D:14     | HP: 5/108 [meliai (6)]
 18350 | D:14     | Noticed Roxanne
 18368 | D:14     | HP: 4/108 [centaur warrior/arrow (20)]
 18370 | D:14     | Shot with an arrow by a centaur warrior

Illustrated notes

Levels and vault maps discovered:
D:1:      amcnicky_arrival_double_pillar, layout_basic, serial_shops, shop
D:2:      layout_basic, minmay_misc_feat_rugged
D:3:      layout_rooms, amcnicky_altar_gilded,
          shapermc_ecumenical_altar_mp_urbaneastern, uniq_grinder
D:4:      layout_basic, minmay_between
D:5:      layout_cave_pools, lemuel_crystal_altar, nicolae_ossuary_entry_plus,
          uniq_pikel, uniq_blork_the_orc, uniq_edmund
D:6:      layout_gridville, general_overflow_altar, kennysheep_little_box,
          ashenzari_altar_1, minmay_temple_entry_slanted
D:7:      layout_loops_ring, nicolae_alphabet_shops, minmay_three_doors
D:8:      minmay_the_grid_octo_tiled_octocenter
          [minmay_the_grid_octo_thin_diamonds, minmay_the_grid_octo_toaster,
          minmay_the_grid_octo_concentric, minmay_the_grid_octo_teeth,
          minmay_the_grid_octo_prize_star,
          minmay_the_grid_square_5x5_sharp_hourglass,
          minmay_the_grid_square_5x5_inner_i, minmay_the_grid_square_5x5_n,
          minmay_the_grid_square_5x5_shuriken], layout_basic,
          nicolae_overflow_crystal_walls, jmf_multi_god_temple2, uniq_maurice,
          uniq_maggie, uniq_psyche
D:9:      layout_cave_pools, okawaru_ov_weapons_minmay
D:10:     layout_basic, david_lair_generic, uniq_nergalle
D:11:     layout_basic, serial_glass, glass_columns_a, glass_columns_b,
          item_on_display_b, gauntlet_entry_generic, uniq_urug
D:12:     layout_loops_ring, erik_orc_3, nicolae_alphabet_shops
D:13:     layout_rooms, hangedman_stone_soup
D:14:     gammafunk_the_bubble [the_bubble_gammafunk_split], layout_basic,
          gammafunk_ghost_ooze, minmay_door_square, nicolae_uskayaw_dance_hall,
          uniq_roxanne, uniq_frances, uniq_jorgrun

Skill      XL: |  1  2  3  4  5  6  7  8  9 10 11 12 13 |
---------------+----------------------------------------+-----
Long Blades    | 2 3 4 5 6 7 8 9 10 11 | 11.0
Dodging        | 2 3 4 5 6 8 |  8.7
Armour         | 1 2 3 4 5 6 7 |  7.5
Fighting       | 4 5 6 7 8 9 10 11 12 | 12.0
Throwing       | 1 2 3 4 5 6 7 |  7.1
Invocations    | 2 4 5 7 8 9 |  9.2
Stealth        | |  4.5

Action                   |  1- 3 |  4- 6 |  7- 9 | 10-12 | 13-15 || total
-------------------------+-------+-------+-------+-------+-------++-------
Melee: Falchion          |    23 |   268 |     4 |       |       ||   295
       Kick              |       |    33 |    72 |   135 |    28 ||   268
       Great sword       |       |       |   174 |   463 |    37 ||   674
       Scimitar          |       |       |       |       |     3 ||     3
Throw: Javelin           |       |     3 |    17 |     9 |       ||    29
       Dart              |       |       |    21 |    11 |     3 ||    35
Invok: Minor Destruction |       |       |       |     1 |       ||     1
       Lesser Servant of |       |       |       |    17 |     9 ||    26
 Abil: Evoke Blink       |       |       |       |       |     1 ||     1
Evoke: Wand              |    18 |     3 |     2 |       |       ||    23
       Lightning rod     |       |       |       |     3 |       ||     3
       Phial of floods   |       |       |       |     1 |       ||     1
  Use: Scroll            |       |       |     9 |     9 |     1 ||    19
       Potion            |       |       |     2 |     3 |     7 ||    12
 Stab: Sleeping          |       |    18 |       |       |       ||    18
       Distracted        |       |     1 |     1 |     5 |       ||     7
Armor: Leather armour    |     5 |    64 |    10 |       |       ||    79
       Plate armour      |       |       |    82 |   387 |    61 ||   530
Dodge: Dodged            |    12 |   160 |   102 |   229 |    49 ||   552
       Rpst.: Falchion   |     5 |    45 |     1 |       |       ||    51
       Great sword       |       |       |    31 |    47 |    12 ||    90

Table legend: (Time is in decaauts)
 A = Elapsed time spent in this place.
 B = Non-inter-level travel time spent in this place.
 C = Inter-level travel time spent in this place.
 D = Time resting spent in this place.
 E = Time spent auto-exploring this place.
 F = Levels seen in this place.
 G = Mean time per level.
                   A        B        C        D        E       F      G
               +--------+--------+--------+--------+--------+-----+--------+
         Total |  18613 |  18305 |    308 |   3563 |  10834 |  16 | 1163.3 |
       Dungeon |  16879 |  16571 |    308 |   2806 |  10682 |  14 | 1205.6 |
       Ossuary |   1062 |   1062 |      0 |    580 |    144 |   1 | 1062.0 |
      Gauntlet |    670 |    670 |      0 |    177 |      8 |   1 |  670.0 |
               +--------+--------+--------+--------+--------+-----+--------+

Top non-repeatable levels by time:
     D:8: 3904 daAuts
     D:4: 1553 daAuts
     D:6: 1441 daAuts
     D:7: 1334 daAuts
     D:5: 1156 daAuts
    D:12: 1145 daAuts
     D:1: 1127 daAuts
     D:2: 1093 daAuts
 Ossuary: 1062 daAuts
     D:3: 980 daAuts
    D:10: 857 daAuts
    D:11: 772 daAuts
Gauntlet: 670 daAuts
    D:13: 608 daAuts
     D:9: 597 daAuts
